 Dungeon Crawl Stone Soup version 0.26.1-2-gb8aa6d0cf2 (webtiles) character file.

Game seed: 15299996140154369879

212 vatarom the Caller (level 5, 0/46 HPs)
             Began as a Draconian Summoner on Feb 18, 2021.
             Shot with an arrow by a centaur (2 damage)
             ... on level 3 of the Dungeon.
             The game lasted 00:05:38 (3494 turns).

vatarom the Caller (Draconian Summoner)             Turns: 3494, Time: 00:05:39

Health: 0/46       AC:  5    Str:  9 (10) XL:     5   Next: 58%
Magic:  9/9        EV: 12    Int: 16 (17) God:
Gold:   141        SH:  0    Dex:  8 (11) Spells: 4/10 levels left

rFire    . . .     SeeInvis .   e - +0 dagger (curse)
rCold    . . .     Faith    .   (no shield)
rNeg     . . .     Spirit   .   (armour unavailable)
rPois    .         Reflect  .   (helmet restricted)
rElec    .         Harm     .   (no cloak)
rCorr    .         Rampage  .   (no gloves)
Will     .....                  (no boots)
Stlth    +.........             (no amulet)
HPRegen  0.15/turn              (no ring)
MPRegen  0.11/turn              (no ring)

@: slowed, very slow
A: unfitting armour, cold-blooded, AC +5
a: no special abilities


You were on level 3 of the Dungeon.
You visited 1 branch of the dungeon, and saw 3 of its levels.

You collected 141 gold pieces.

Inventory:

Hand Weapons
 e - a cursed +0 dagger (weapon)
Missiles
 c - 4 silver javelins
 h - 2 poisoned darts
Armour
 f - a +0 cloak
Wands
 j - a wand of random effects (25)
Scrolls
 a - 5 scrolls of identify {unknown}
 d - 3 scrolls of teleportation {unknown}
 i - a scroll of enchant weapon {unknown}
 n - a scroll of magic mapping {unknown}
Potions
 b - 2 potions of invisibility
 g - a potion of heal wounds {unknown}
 k - a potion of attraction {unknown}


   Skills:
 * Level 4.2 Fighting
 - Level 1.7 Dodging
 - Level 1.7 Stealth
 + Level 3.1 Spellcasting
 + Level 4.8 Summonings


You had 4 spell levels left.
You knew the following spells:

 Your Spells              Type           Power        Failure   Level
a - Summon Small Mammal   Summ           72%          2%          1
b - Call Imp              Summ           18%          3%          2
c - Call Canine Familiar  Summ           18%          8%          3

Your spell library contained the following spells:

 Spells                   Type           Power        Failure   Level
 Summon Guardian Golem    Hex/Summ       10%          21%         3
 Summon Ice Beast         Ice/Summ       10%          56%         4
 Summon Lightning Spire   Summ/Air       10%          56%         4


Dungeon Overview and Level Annotations

Branches:
Dungeon (3/15)

Altars:
Dithmenos
Okawaru


Innate Abilities, Weirdness & Mutations

Your plain brown scales are hard. (AC +5)
You cannot fit into any form of body armour.
You are cold-blooded and may be slowed by cold attacks.


Message History

You tail-slap the giant cockroach, but do no damage.
The giant cockroach bites you.
The centaur shoots an arrow.
The arrow misses you. The giant cockroach barely misses you.
The centaur shoots an arrow.
The arrow hits you!
You feel as though you will be slow longer.
The arrow freezes you.
You are too injured to fight recklessly!
You are too injured to fight recklessly!
The giant cockroach barely misses you.
The centaur shoots an arrow.
The arrow closely misses you.
The giant cockroach bites you but does no damage.
You hear a shout!
The centaur shoots an arrow.
The arrow barely misses you.
A dart slug comes into view.
The giant cockroach barely misses you.
A hobgoblin comes into view. It is wielding a +0 club.
The centaur shoots an arrow.
The arrow hits you!
* * * LOW HITPOINT WARNING * * *
The arrow freezes you.
You die...

##....#...##.##
##.#.######.
#.....#####.# ##..#
###...# ##.# ##..## #...#
#.###.#.# ##...#####
#..#.##.# ####........#
#.(.....#
.#.#.......#..#.(.....#
#.#.......#.#..B...#..##
.........#.##...@........
........#.###.....##..##.
.......#.## #.##......# .
......#.## #. #.######
.#...#.## # #c# #####.#..
#.# .#...#.## #.w .8...
#.# #g# ...... #.


You could see a centaur, a dart slug (wandering), a giant cockroach and a
hobgoblin.

Vanquished Creatures
  An orc priest (D:3)
  Jessica (D:2)
  Natasha (twice) (D:2)
  An adder (D:1)
  3 dart slugs
  2 leopard geckos
  An orc (D:3)
  4 bats
  3 giant cockroaches
  4 goblins
  2 hobgoblins (D:2)
  3 jackals
  3 kobolds
  A frilled lizard (D:2)
  5 rats
36 creatures vanquished.

Vanquished Creatures (collateral kills)
  An orc wizard (D:3)
  Natasha (D:2)
  3 gnolls (D:3)
  5 adders
  A dart slug (D:2)
  A giant cockroach (D:1)
  4 goblins
  3 hobgoblins (D:2)
  A jackal (D:2)
  A kobold (D:1)
  A ball python (D:2)
  4 bats
  2 frilled lizards
  5 rats
33 creatures vanquished.

Grand Total: 69 creatures vanquished

Notes
Turn   | Place    | Note
-------+----------+-------------------------------------------
     0 | D:1      | vatarom the Draconian Summoner began the quest for the Orb.
     0 | D:1      | Reached XP level 1. HP: 14/14 MP: 3/3
   160 | D:1      | Reached skill level 1 in Fighting
   192 | D:1      | Reached XP level 2. HP: 20/23 MP: 1/5
   955 | D:2      | Noticed Jessica
   979 | D:2      | Killed Jessica
   980 | D:2      | Reached XP level 3. HP: 24/30 MP: 2/6
   983 | D:2      | Learned a level 2 spell: Call Imp
  1037 | D:2      | Found a shadowy altar of Dithmenos.
  1178 | D:2      | Noticed Natasha
  1200 | D:2      | Killed Natasha
  1201 | D:2      | Reached XP level 4. HP: 11/37 MP: 2/7
  1444 | D:2      | Noticed Natasha
  1450 | D:2      | Killed Natasha
  1510 | D:2      | Noticed Natasha
  1525 | D:2      | Killed Natasha
  2209 | D:2      | Learned a level 3 spell: Call Canine Familiar
  2523 | D:2      | Reached XP level 5. HP: 40/45 MP: 6/9
  2615 | D:2      | Found an iron altar of Okawaru.
  3002 | D:3      | Noticed a centaur
  3016 | D:3      | HP: 2/46 [orc priest/divine providence (9)]
  3021 | D:3      | HP: 2/46 [poisoned by a kobold]
  3494 | D:3      | HP: 2/46 [centaur/arrow (13)]
  3494 | D:3      | Shot with an arrow by a centaur

Illustrated notes

Levels and vault maps discovered:
D:1:      wheals_arrival_shading, layout_rooms
D:2:      layout_basic, lemuel_crystal_altar, kennysheep_okawaru_gauntlet,
          minmay_crystal_water, uniq_jessica, uniq_natasha
D:3:      wad_pebble_path, layout_loops_cross, corexii_leaking_fountain,
          uniq_robin, uniq_crazy_yiuf_cottage

Skill      XL: |  1  2  3  4  5 |
---------------+----------------+-----
Fighting       | 1 2 3 4 |  4.2
Spellcasting   | 3 |  3.1
Dodging        | |  1.7
Stealth        | |  1.7
Summonings     | |  4.8

Action                   |  1- 3 |  4- 6 || total
-------------------------+-------+-------++-------
Melee: Unarmed           |    21 |       ||    21
       Tailslap          |     8 |     7 ||    15
       Dagger            |    74 |   116 ||   190
 Cast: Summon Small Mamm |    22 |     3 ||    25
       Call Imp          |     7 |    16 ||    23
       Call Canine Famil |       |     6 ||     6
  Use: Potion            |       |     7 ||     7
 Stab: Sleeping          |       |     1 ||     1
Armor: Skin              |    38 |    53 ||    91
Dodge: Dodged            |    86 |    78 ||   164
